 Dungeon Crawl Stone Soup version 0.28.0-53-g5a82cb258f (webtiles) character file.

Game seed: 12689017593426166768

13963 Zeld the Fighter (level 11, -3/108 HPs)
             Began as a Minotaur Berserker on May 23, 2022.
             Was a High Priest of Trog.
             Slain by a two-headed ogre
             ... wielding the +10 dark maul {vorpal}
              (9 damage)
             ... on level 10 of the Dungeon.
             The game lasted 00:17:20 (17562 turns).

Zeld the Fighter (Minotaur Berserker)              Turns: 17562, Time: 00:17:21

Health: -3/108     AC: 20    Str: 27    XL:     11   Next: 82%
Magic:  10/10      EV: 13    Int:  4    God:    Trog [*****.]
Gold:   820        SH:  0    Dex:  9    Spells: 10/10 levels left

rFire   . . .      SeeInvis +   a - +3 war axe
rCold   + . .      Faith    .   (no shield)
rNeg    . . .      Spirit   .   i - +7 Kryia's mail coat {PotionHeal*2 rC+}
rPois   .          Reflect  .   (helmet restricted)
rElec   .          Harm     .   p - +0 cloak
rCorr   .          Rampage  .   s - +0 pair of gloves
Will    .....                   e - +0 pair of boots
Stlth   ..........              (no amulet)
HPRegen 0.28/turn               b - ring of see invisible
MPRegen 0.12/turn               (no ring)

@: studying 2 skills
A: horns 2, retaliatory headbutt
a: Renounce Religion, Berserk, Trog's Hand, Brothers in Arms


You were on level 10 of the Dungeon.
You worshipped Trog.
Trog was extremely pleased with you.
You visited 2 branches of the dungeon, and saw 11 of its levels.
You also visited: Ossuary and Bailey.

You collected 853 gold pieces.
You spent 33 gold pieces at shops.

Inventory:

Hand Weapons
 a - a +3 war axe (weapon)
Armour
 e - a +0 pair of boots (worn)
 i - the +7 Kryia's mail coat (worn) {PotionHeal*2 rC+}
   (You found it on level 2 of the Dungeon)

   Potions are twice as effective at healing its wearer.
   rC:        It protects you from cold.
 p - a +0 cloak (worn)
 s - a +0 pair of gloves (worn)
Jewellery
 b - a ring of see invisible (left hand)
 j - a ring of flight
Wands
 q - a wand of polymorph (5)
 t - a wand of paralysis (4)
 A - a wand of charming (13)
 E - a wand of acid (11)
 H - a wand of digging (4)
 J - a wand of iceblast (5)
Scrolls
 c - 2 scrolls of silence
 d - 6 scrolls of teleportation
 m - 2 scrolls of enchant weapon
 n - 2 scrolls of enchant armour
 r - 2 scrolls of magic mapping
 v - a scroll of holy word
 x - 2 scrolls of fear {unknown}
 y - 2 scrolls of amnesia {unknown}
 I - a scroll of immolation {unknown}
 K - a scroll of summoning {unknown}
Potions
 h - 2 potions of mutation {unknown}
 k - 7 potions of curing
 o - 2 potions of attraction {unknown}
 u - a potion of lignification {unknown}
 z - a potion of invisibility {unknown}
 B - 3 potions of flight {unknown}
 C - a potion of ambrosia {unknown}
 D - a potion of magic {unknown}
 G - a potion of experience
Miscellaneous
 F - a phantom mirror


   Skills:
 * Level 13.7 Fighting
 * Level 13.7 Axes
 + Level 10.4 Armour
 + Level 8.9 Dodging


You had 10 spell levels left.
You didn't know any spells.
Your spell library was empty.

Dungeon Overview and Level Annotations

Branches:
Dungeon (10/15)            Temple (1/1) D:7             Orc (0/2) D:9
Ossuary (visited)          Bailey (visited)
   Lair: D:8-11

Altars:
Ashenzari
Cheibriados
Dithmenos
Elyvilon
Fedhas
Gozag
Hepliaklqana
Kikubaaqudgha
Makhleb
Nemelex Xobeh
Okawaru
Qazlal
Ru
Sif Muna
Trog
Uskayaw
Vehumet
Wu Jian
Xom
Yredelemnul
Zin
The Shining One

Shops:
D:3 !   D:7 *


Innate Abilities, Weirdness & Mutations

You have a pair of horns on your head.
You reflexively headbutt those who attack you in melee.


Message History

You slice the two-headed ogre!!
You kill the two-headed ogre!
Trog accepts your kill.
No target in view!
Things that are here:
a +0 giant club; a +0 giant spiked club; a two-headed ogre corpse You open the large door.
A cyclops comes into view.
Found a quarterstaff.
A cyclops is nearby!
A cyclops is nearby!
There is a large open door here.
The cyclops throws a large rock.
The large rock hits you!!
You see here a +0 quarterstaff.
A cyclops, an orc knight and 2 two-headed ogres come into view.
A two-headed ogre is wielding the +10 dark maul {vorpal} and a +0 dire flail.
The cyclops shouts!
The two-headed ogre shouts in stereo!
The orc knight unwields a +0 glaive.
The orc knight wields a +0 arbalest.
The orc knight shoots a bolt.
The bolt completely misses you.
You slash the cyclops!
The cyclops is moderately wounded.
The orc knight shoots a bolt.
The bolt hits you! The cyclops barely misses you.
You slash the cyclops!
The cyclops is moderately wounded.
You slash the cyclops!
You headbutt the cyclops, but do no damage.
The cyclops is severely wounded.
The cyclops closely misses you.
You hit the cyclops.
The cyclops is severely wounded.
The orc knight shoots a bolt.
The bolt hits you!
Unknown command.
You slash the cyclops! You headbutt the cyclops!
You kill the cyclops!
Trog accepts your kill.
You hit the two-headed ogre.
The two-headed ogre hits you with the +10 dark maul {vorpal}!!!
Ouch! That really hurt!
* * * LOW HITPOINT WARNING * * *
You die...

.# #).#... .#
#..#..#.......
.#
#..#..#.......
.#
#..#..#...#.#.
.#
#..#..#.......
.#
#..#..#.oC#.#.
.#
#..#..#.......
.#
#..'.)#O......
.#
#..'..@(O.....
##
##############


You could see an orc knight, 2 two-headed ogres and a cyclops.

Vanquished Creatures
  Harold (D:10)
  A centaur warrior (D:9)
  2 two-headed ogres (D:10)
  Pikel (D:7)
  A cyclops (D:10)
  A kobold demonologist (D:9)
  A troll (D:10)
  Prince Ribbit (D:7)
  A hornet (D:3)
  A shadow (D:9)
  12 yaks
  The ghost of hawla the Grave Robber, an amateur FeFE (D:5)
  3 steam dragons
  Menkaure (D:7)
  2 water moccasins
  2 black bears
  3 sky beasts
  3 ice beasts
  20 orc warriors
  4 ogres
  2 necrophages (D:5)
  14 centaurs
  3 lemures (D:7)
  2 phantoms (D:5)
  A kobold brigand (D:5)
  Blork the orc (D:6)
  2 bullfrogs
  A scorpion (D:4)
  A wyvern skeleton (D:6)
  11 killer bees
  4 wights
  3 centaur zombies
  3 hounds
  A jelly (D:5)
  8 orc priests
  A bullfrog skeleton (D:4)
  2 centaur skeletons
  Ijyb (D:4)
  2 iguanas
  16 orc wizards
  2 hound zombies (D:5)
  A hound skeleton (D:4)
  3 mummies (Ossuary)
  A howler monkey zombie (D:5)
  4 gnolls
  8 adders
  A shadow imp (D:5)
  A white imp (D:7)
  An ufetubus (D:5)
  2 adder zombies (Ossuary)
  4 worms
  5 dart slugs
  97 orcs
  8 endoplasms
  A giant cockroach (D:1)
  9 goblins
  9 hobgoblins
  8 jackals
  19 kobolds
  4 quokkas
  6 ball pythons
  9 bats
  4 goblin zombies (Ossuary)
  3 hobgoblin zombies (Ossuary)
  A kobold zombie (Ossuary)
  4 quokka zombies (Ossuary)
  6 rats
  4 rat zombies (Ossuary)
366 creatures vanquished.

Vanquished Creatures (collateral kills)
  3 orc warriors (Bailey)
3 creatures vanquished.

Vanquished Creatures (others)
  An orc wizard (D:8)
  7 plants
  6 withered plants (D:4)
14 creatures vanquished.

Grand Total: 383 creatures vanquished

Notes
Turn   | Place    | Note
-------+----------+-------------------------------------------
     0 | D:1      | Zeld the Minotaur Berserker began the quest for the Orb.
     0 | D:1      | Reached XP level 1. HP: 19/19 MP: 0/0
   155 | D:1      | Reached XP level 2. HP: 21/27 MP: 1/1
  1003 | D:1      | Reached XP level 3. HP: 20/33 MP: 2/2
  1541 | D:1      | Reached ** piety under Trog
  1918 | D:2      | Noticed an ogre
  1920 | D:2      | Reached XP level 4. HP: 41/41 MP: 3/3
  1986 | D:2      | Found the +7 Kryia's mail coat {PotionHeal*2 rC+}
  2202 | D:2      | Killed an ogre
  2203 | D:2      | Reached skill level 5 in Fighting
  2203 | D:2      | Reached skill level 5 in Axes
  2203 | D:2      | Reached XP level 5. HP: 35/48 MP: 4/4
  2747 | D:3      | Found a faded altar of an unknown god.
  2843 | D:3      | Found Tukisich's Distillery.
  2905 | D:3      | Bought a potion of curing for 33 gold pieces
  3447 | D:3      | Reached *** piety under Trog
  3449 | D:3      | Found a shimmering altar of Xom.
  3629 | D:4      | Noticed a hornet
  3648 | D:3      | Paralysed by a hornet for 3 turns
  3652 | D:3      | Reached XP level 6. HP: 34/56 MP: 5/5
  3655 | D:3      | Killed a hornet
  3986 | D:4      | Found an ancient bone altar of Kikubaaqudgha.
  3990 | D:4      | Reached XP level 7. HP: 64/64 MP: 6/6
  4187 | D:4      | Found a sparkling altar of Nemelex Xobeh.
  4417 | D:4      | Noticed Ijyb
  4431 | D:4      | Killed Ijyb
  4963 | D:5      | Entered Level 5 of the Dungeon
  5096 | D:5      | Found an iron altar of Okawaru.
  5139 | D:5      | Reached skill level 5 in Armour
  5169 | D:5      | Reached XP level 8. HP: 70/73 MP: 7/7
  5353 | D:5      | Reached **** piety under Trog
  5361 | D:5      | Reached skill level 5 in Dodging
  5873 | D:5      | Found a runed translucent gate.
  5873 | D:5      | Found a runed translucent gate.
  5875 | D:5      | Noticed hawla's ghost (amateur FeFE)
  5876 | D:5      | Found a runed translucent gate.
  6291 | D:5      | Killed hawla's ghost
  6292 | D:5      | Reached XP level 9. HP: 80/83 MP: 8/8
  6745 | D:6      | Found a sand-covered staircase.
  6750 | Ossuary  | Entered an ossuary
  6757 | Ossuary  | Reached ***** piety under Trog
  7199 | D:6      | Noticed Blork the orc
  7212 | D:6      | Killed Blork the orc
  7244 | D:6      | Found a snail-covered altar of Cheibriados.
  7457 | D:7      | Reached skill level 10 in Axes
  7467 | D:7      | Reached skill level 10 in Fighting
  7589 | D:7      | Found a flagged portal.
  7589 | D:7      | Noticed Pikel
  7609 | D:7      | Killed Pikel
  7698 | Bailey   | Entered a bailey
  8092 | Bailey   | Reached XP level 10. HP: 94/94 MP: 9/9
 10711 | D:7      | Found a staircase to the Ecumenical Temple.
 10755 | Temple   | Entered the Ecumenical Temple
 10984 | D:7      | Found an opulent altar of Gozag.
 10984 | D:7      | Found Gozag's Platinum Reserve.
 10985 | D:7      | Noticed Menkaure
 10998 | D:7      | Killed Menkaure
 11478 | D:7      | Noticed Prince Ribbit
 11498 | D:7      | Killed Prince Ribbit
 12799 | D:8      | Found a glowing silver altar of Zin.
 13245 | D:8      | Reached XP level 11. HP: 104/104 MP: 10/10
 13734 | D:8      | Found a bloodstained altar of Trog.
 14196 | D:9      | Noticed a centaur warrior
 14407 | D:9      | Killed a centaur warrior
 14604 | D:9      | Found a staircase to the Orcish Mines.
 14787 | D:9      | Found a radiant altar of Vehumet.
 14911 | D:9      | Found a blossoming altar of Fedhas.
 14911 | D:9      | Found a broken altar of Ashenzari.
 15360 | D:9      | Identified 2 scrolls of acquirement
 15367 | D:9      | Acquired a manual of Armour
 15371 | D:9      | Acquired a ring of see invisible
 15688 | D:9      | Received a gift from Trog
 15864 | D:9      | Found a stormy altar of Qazlal.
 15986 | D:10     | Entered Level 10 of the Dungeon
 15988 | D:10     | Noticed Harold
 16424 | D:10     | Killed Harold
 16844 | D:10     | Noticed a two-headed ogre
 16851 | D:10     | Killed a two-headed ogre
 16968 | D:10     | Found a shimmering blue altar of Sif Muna.
 17070 | D:10     | Reached skill level 10 in Armour
 17441 | D:10     | Noticed a two-headed ogre
 17453 | D:10     | Killed a two-headed ogre
 17557 | D:10     | Noticed an orc knight
 17557 | D:10     | Noticed a two-headed ogre
 17557 | D:10     | Noticed a two-headed ogre
 17562 | D:10     | Slain by a two-headed ogre

Illustrated notes

Levels and vault maps discovered:
D:1:      co_arrival_random_square_maze, layout_basic, serial_bayou_ford_a,
          minmay_nonomino_d4
D:2:      layout_basic
D:3:      layout_basic, tgw_xom, serial_curves, eino_curves_01, eino_curves_03,
          serial_shops, shop, chequers_ecumenical_altar_simple,
          guppyfry_early_lair_pool
D:4:      layout_basic, kiku_gazebo_garden_becter, mainiacjoe_overflow_24_doors,
          uniq_ijyb
D:5:      minmay_razor_zed, layout_rooms, old_standard_altar,
          gammafunk_ghost_nasty_kobolds, kennysheep_pointless_box
D:6:      layout_loops_ring, lemuel_doored_altar, enter_ossuary_5,
          uniq_blork_the_orc
D:7:      layout_basic, nicolae_gozag_zags_fifth_avenue,
          minmay_temple_entry_tees, enter_bailey_2, uniq_menkaure,
          uniq_prince_ribbit1, uniq_pikel
D:8:      layout_basic, zin_statuary, overflow_temple_1_default, special_room
          [special_room_orc], wad_woods_river_04, minmay_stone_trees_medium
D:9:      layout_roguey, mainiacjoe_overflow_six_doors_small,
          gammafunk_temple_overflow_claw, erik_orc_3, grunt_ministairs_8,
          hangedman_decor_growths, nicolae_concentric_dashed_squares_wild
D:10:     nicolae_cairo_tiling_large, layout_long_grid,
          mainiacjoe_overflow_chevrons, hellmonk_guarded_unrand_dark_maul,
          uniq_harold
Temple:   nicolae_temple_figure_zero

Skill      XL: |  1  2  3  4  5  6  7  8  9 10 11 |
---------------+----------------------------------+-----
Axes           | 4 5 6 7 9 10 12 13 | 13.7
Fighting       | 4 5 6 7 9 10 12 13 | 13.7
Armour         | 3 4 5 6 7 8 10 | 10.4
Dodging        | 3 4 5 6 7 8 |  8.9

Action                   |  1- 3 |  4- 6 |  7- 9 | 10-12 || total
-------------------------+-------+-------+-------+-------++-------
Melee: Hand axe          |    54 |    96 |   430 |   193 ||   773
       Headbutt          |     3 |    19 |    98 |   111 ||   231
       Punch             |       |       |     8 |     6 ||    14
       Glaive            |       |       |       |    60 ||    60
       War axe           |       |       |       |   266 ||   266
Invok: Berserk           |       |     1 |     1 |     1 ||     3
       Trog's Hand       |       |       |     1 |       ||     1
       Brothers in Arms  |       |       |       |     3 ||     3
Evoke: Wand              |       |       |     6 |       ||     6
  Use: Scroll            |       |       |       |    12 ||    12
Armor: Animal skin       |    21 |       |       |       ||    21
       Scale mail        |       |    53 |   294 |   301 ||   648
Dodge: Dodged            |    39 |    62 |   305 |   342 ||   748
